 Dungeon Crawl Stone Soup version 0.19-a0-1468-ge013c26 (webtiles) character file.

12021 Legolas the Fencer (level 11, 0/68 HPs)
             Began as a High Elf Fighter on Sept 7, 2016.
             Was a High Priest of Cheibriados.
             Slain by a komodo dragon (22 damage)
             ... on level 1 of the Lair of Beasts.
             The game lasted 00:18:38 (10978 turns).

Legolas the Fencer (High Elf Fighter)              Turns: 10978, Time: 00:18:39

Health: 0/68       AC: 16    Str: 29    XL:     11   Next: 57%
Magic:  19/19      EV: 19    Int: 30    God:    Cheibriados [*****.]
Gold:   719        SH:  0    Dex: 29    Spells: 1 memorised, 17 levels left

rFire  . . .     SeeInvis .     d - +3 great sword
rCold  . . .     Gourm    .     B - +3 leather armour
rNeg   . . .     Faith    .     (shield currently unavailable)
rPois  .         Spirit   .     v - +0 helmet
rElec  .         Dismiss  .     j - +1 cloak
rCorr  .         Reflect  .     G - +0 pair of gloves
MR     +....     Harm     .     b - +2 pair of boots
Stlth  +.........               (no amulet)
                                z - ring of flight
                                p - +3 ring of slaying

@: confused, very slow
A: slimy green scales 1, screaming 1
a: Bend Time, Temporal Distortion, Slouch, Step From Time, Renounce Religion,
Evoke Flight


You were on level 1 of the Lair of Beasts.
You worshipped Cheibriados.
Cheibriados was extremely pleased with you.
You were not hungry.

You visited 2 branches of the dungeon, and saw 13 of its levels.

You collected 719 gold pieces.

Inventory:

Hand Weapons
 d - a +3 great sword (weapon)
Armour
 b - a +2 pair of boots (worn)
 c - a +0 shield
 e - a +0 plate armour
 j - a +1 cloak (worn)
 v - a +0 helmet (worn)
 B - a +3 leather armour (worn)
 G - a +0 pair of gloves (worn)
Magical Staves
 w - an uncursed staff of conjuration
Jewellery
 p - a +3 ring of slaying (left hand)
 z - a ring of flight (right hand)
Wands
 h - a wand of iceblast (8/15)
 s - a wand of digging (2/24)
 t - a wand of acid (3/15)
 y - a wand of disintegration (4/24)
 D - a wand of flame (13/48)
 E - a wand of paralysis (11/24)
 L - a wand of flame (29/48)
 M - a wand of lightning (6/15)
 P - a wand of polymorph (10/24)
Scrolls
 a - 2 scrolls of amnesia
 g - 5 scrolls of identify
 i - 6 scrolls of teleportation
 n - a scroll of recharging
 o - 2 scrolls of blinking
 u - 5 scrolls of remove curse
 C - a scroll of immolation
 F - a scroll of fog
Potions
 k - a potion of cancellation
 l - 2 potions of brilliance
 r - 3 potions of curing
 x - a potion of ambrosia
 J - a potion of mutation
 K - a potion of flight {unknown}
 N - a potion of lignification {unknown}
 O - a potion of might
 Q - a potion of agility
Books
 m - a Young Poisoner's Handbook

   Spells                             Type                      Level
   a - Sting                          Conjuration/Poison           1
   b - Mephitic Cloud                 Conjuration/Poison/Air       3
   c - Olgreb's Toxic Radiance        Poison                       4
   d - Alistair's Intoxication        Transmutation/Poison         5
   e - Venom Bolt                     Conjuration/Poison           5
 A - a book of Beasts

   Spells                             Type                      Level
   a - Summon Butterflies             Summoning                    1
   b - Call Canine Familiar           Summoning                    3
   c - Summon Ice Beast               Ice/Summoning                4
   d - Summon Mana Viper              Hexes/Summoning              5
   e - Summon Hydra                   Summoning                    7
Miscellaneous
 I - a phial of floods (inert)
Comestibles
 f - 4 bread rations
 q - 3 meat rations
 H - 26 fruits


   Skills:
 - Level 3.7 Fighting
 * Level 15.8 Long Blades
 + Level 4.5 Armour
 + Level 6.6 Dodging
 - Level 2.6 Shields
 - Level 5.0 Spellcasting
 - Level 3.0 Conjurations
 - Level 5.1 Air Magic
 * Level 6.7 Invocations


You had 17 spell levels left.
You knew the following spells:

 Your Spells              Type           Power        Failure   Level  Hunger
a - Mephitic Cloud        Conj/Pois/Air  ###.....     10%         3    None


Dungeon Overview and Level Annotations

Branches:
Dungeon (11/15)            Temple (0/1) D:4            Lair (2/6) D:10
  Swamp: Lair:2-4    Shoals: Lair:2-4     Snake: Lair:2-4    Spider: Lair:2-4
    Orc: D:9-12

Altars:
Cheibriados
Dithmenos
Kikubaaqudgha
Nemelex Xobeh
Okawaru
Qazlal
Ru
Trog
Vehumet
Xom
Yredelemnul
Zin

Shops:
D:6 (


Innate Abilities, Weirdness & Mutations

You are partially covered in slimy green scales. (AC +2)
You occasionally shout uncontrollably at your foes.


Message History

You slash the komodo dragon!
The komodo dragon is moderately wounded.
The wolf bites you but does no damage. The wolf bites you but does no damage.
The komodo dragon bites you!!
* * * LOW HITPOINT WARNING * * *
You are too injured to fight recklessly!
You are too injured to fight recklessly!
Okay, then.
Unknown command.
You are confused.
You feel invigorated. The wolf bites you but does no damage.
The wolf barely misses you. The komodo dragon misses you.
You bump into the rock wall.
The wolf bites you but does no damage. The komodo dragon barely misses you.
The wolf bites you.
* * * LOW HITPOINT WARNING * * *
Unknown command.
You closely miss the komodo dragon.
The komodo dragon is moderately wounded.
The wolf closely misses you. The komodo dragon bites you!!
You die...

### ### #### ### ###
##########P###.####..####P####P##
................@lh..............
..............#Ph#..###..........
#.#####.+P..#.........P..........
#........#..P................#+.#
............P.........#....#.....
#...........#.........+....#.....
#...........#.........#....#.....
#........#..#....................
#...........#.........+....#.....


You could see a komodo dragon and 2 wolves.

Vanquished Creatures
  Erolcha (D:10)
  Urug (D:10)
  An obsidian statue (D:8)
  4 hill giants (D:10)
  Pikel (D:8)
  4 komodo dragons (Lair:1)
  2 trolls
  A wyvern (D:10)
  2 basilisks (Lair:1)
  3 yaks (D:10)
  Grum (D:8)
  2 steam dragons
  3 hippogriffs
  2 water moccasins
  3 slaves (D:8)
  2 orc warriors
  4 porcupines (Lair:1)
  A sky beast (D:6)
  2 wasps
  5 ogres
  5 wolves
  5 crocodiles
  3 centaurs
  A big kobold (D:10)
  4 giant frogs
  3 scorpions
  3 howler monkeys (D:8)
  2 giant frog zombies
  6 crimson imps
  A jelly (D:9)
  A giant frog skeleton (D:9)
  7 orc priests
  A hound (D:6)
  19 orc wizards
  Crazy Yiuf (D:2)
  A centaur skeleton (D:8)
  2 iguanas
  Terence (D:2)
  2 worker ants
  A hound skeleton (D:4)
  2 worker ant zombies (D:5)
  Robin (D:4)
  4 gnolls (D:5)
  2 howler monkey skeletons (D:4)
  13 adders
  A shadow imp (D:6)
  A worm (D:2)
  3 dart slugs
  4 giant geckos
  36 orcs
  8 bats
  10 giant cockroaches
  2 gnoll zombies (D:2)
  18 goblins
  11 hobgoblins
  12 jackals
  2 quokkas
  2 ball pythons
  A giant gecko skeleton (D:7)
  2 giant newts
  4 kobolds
  6 rats
259 creatures vanquished.

Vanquished Creatures (others)
  A slave (D:8)
  4 fungi
5 creatures vanquished.

Grand Total: 264 creatures vanquished

Notes
Turn   | Place    | Note
-------+----------+-------------------------------------------
     0 | D:1      | Legolas the High Elf Fighter began the quest for the Orb.
     0 | D:1      | Reached XP level 1. HP: 16/16 MP: 2/2
    93 | D:1      | Reached XP level 2. HP: 19/21 MP: 3/3
   163 | D:1      | Found a snail-covered altar of Cheibriados.
   216 | D:1      | Became a worshipper of Cheibriados the Contemplative
   281 | D:1      | Reached skill level 3 in Long Blades
   637 | D:2      | Found a sparkling altar of Nemelex Xobeh.
   652 | D:2      | Reached XP level 3. HP: 18/26 MP: 4/4
   795 | D:2      | Reached skill level 1 in Invocations
   811 | D:2      | Reached * piety under Cheibriados
   827 | D:2      | Found an iron altar of Okawaru.
   862 | D:2      | Reached skill level 1 in Dodging
   913 | D:2      | Found a radiant altar of Vehumet.
   948 | D:2      | Found a faded altar of an unknown god.
  1004 | D:2      | Reached XP level 4. HP: 30/31 MP: 5/5
  1270 | D:2      | Noticed Terence
  1278 | D:2      | Killed Terence
  1373 | D:2      | Found a runed door.
  1404 | D:2      | Found a basalt altar of Yredelemnul.
  1640 | D:2      | Noticed Crazy Yiuf
  1658 | D:2      | Killed Crazy Yiuf
  1658 | D:2      | Reached XP level 5. HP: 34/36 MP: 7/7
  1758 | D:3      | Reached ** piety under Cheibriados
  1758 | D:3      | Reached skill level 4 in Long Blades
  2315 | D:3      | Found a shimmering altar of Xom.
  2372 | D:4      | Reached XP level 6. HP: 42/42 MP: 8/8
  2434 | D:4      | Reached skill level 5 in Long Blades
  2437 | D:4      | Reached *** piety under Cheibriados
  2942 | D:4      | Found a staircase to the Ecumenical Temple.
  3050 | D:4      | Noticed Robin
  3070 | D:4      | Killed Robin
  3435 | D:5      | Entered Level 5 of the Dungeon
  3446 | D:5      | Gained mutation: You occasionally shout uncontrollably at your foes. [potion of mutation]
  3446 | D:5      | Gained mutation: You are partially covered in slimy green scales. (AC +2) [potion of mutation]
  3480 | D:5      | Reached XP level 7. HP: 23/47 MP: 10/10
  3489 | D:5      | Reached skill level 6 in Long Blades
  3773 | D:5      | Reached **** piety under Cheibriados
  3875 | D:5      | Noticed a steam dragon
  3877 | D:5      | Noticed a steam dragon
  3877 | D:5      | You fall through a shaft for 3 floors!
  3881 | D:8      | Reached skill level 7 in Long Blades
  4168 | D:6      | Reached skill level 8 in Long Blades
  4265 | D:6      | Found an ancient bone altar of Kikubaaqudgha.
  4286 | D:6      | Reached XP level 8. HP: 22/54 MP: 12/12
  4515 | D:6      | Reached skill level 9 in Long Blades
  4707 | D:6      | Found Pulegrofot's Antique Weapon Emporium.
  4724 | D:6      | Reached ***** piety under Cheibriados
  5067 | D:5      | Reached skill level 10 in Long Blades
  5110 | D:5      | Found a stormy altar of Qazlal.
  5113 | D:5      | Noticed a troll
  5124 | D:5      | Killed a troll
  5949 | D:7      | Found a bloodstained altar of Trog.
  5983 | D:7      | Found a sacrificial altar of Ru.
  5987 | D:7      | Reached skill level 11 in Long Blades
  6022 | D:7      | Reached XP level 9. HP: 45/58 MP: 13/13
  6024 | D:7      | Reached skill level 5 in Invocations
  6249 | D:7      | Found an iron altar of Okawaru.
  6300 | D:7      | Learned a level 3 spell: Mephitic Cloud
  6396 | D:8      | Reached skill level 1 in Spellcasting
  6398 | D:8      | Reached skill level 12 in Long Blades
  6398 | D:8      | Reached skill level 1 in Air Magic
  6409 | D:8      | Reached skill level 1 in Conjurations
  6410 | D:8      | Noticed Grum
  6422 | D:8      | Killed Grum
  6725 | D:8      | Noticed an obsidian statue
  6726 | D:8      | Noticed a hellwing
  6934 | D:8      | Noticed Pikel
  6943 | D:8      | Killed Pikel
  6943 | D:8      | Reached skill level 13 in Long Blades
  7060 | D:8      | Found a glowing silver altar of Zin.
  7514 | D:8      | Reached XP level 10. HP: 21/63 MP: 15/15
  7707 | D:8      | Noticed a sun demon
  7715 | D:8      | Killed an obsidian statue
  8415 | D:10     | Entered Level 10 of the Dungeon
  8415 | D:10     | Noticed Erolcha
  8458 | D:10     | Noticed Urug
  8693 | D:10     | Noticed a hill giant
  8701 | D:10     | Killed a hill giant
  8701 | D:10     | Reached skill level 5 in Dodging
  8708 | D:10     | Found a staircase to the Lair.
  8782 | D:10     | Killed Erolcha
  8782 | D:10     | Reached skill level 14 in Long Blades
  8800 | D:10     | Killed Urug
  8825 | D:10     | Noticed a hill giant
  8836 | D:10     | Killed a hill giant
  8836 | D:10     | Reached XP level 11. HP: 40/68 MP: 18/18
  9373 | D:10     | Found a shadowy altar of Dithmenos.
  9464 | D:10     | Noticed a hill giant
  9470 | D:10     | Killed a hill giant
  9587 | D:10     | Noticed a hill giant
  9597 | D:10     | Killed a hill giant
  9597 | D:10     | Reached skill level 15 in Long Blades
  9721 | D:11     | Reached skill level 5 in Air Magic
  9773 | Lair:1   | Entered Level 1 of the Lair of Beasts
 10534 | Lair:1   | Reached skill level 5 in Spellcasting
 10561 | Lair:1   | Found an iron altar of Okawaru.
 10967 | Lair:2   | Noticed a seven-headed hydra
 10978 | Lair:1   | Slain by a komodo dragon

Vault maps used:
D:1:      lightli_arrival_noodles, minmay_misc_feat_chi, cheibriados_altar_1
D:2:      lemuel_zombie_altar_yredelemnul, lemuel_round_altar,
          lemuel_doored_altar, first_bread, ecumenical_altar_2,
          okawaru_metal_pillars_1_2, uniq_terence, uniq_crazy_yiuf_cottage
D:3:      xom_redecorated
D:4:      uniq_robin
D:5:      kennysheep_steamy, nicolae_qazlal_general_emergency
D:6:      lemuel_crystal_altar, serial_shops, nicolae_shop_crystal
D:7:      bloody_trog, nicolae_ru_great_annihilating_truth, basic_altar
D:8:      minmay_statue_hallways, kennysheep_little_box, st_stairs_6,
          uniq_pikel, uniq_grum
D:10:     lair_0_dummy, blue_anna_alchemist, minmay_misc_feat_hallway,
          nicolae_dithmenos_through_a_glass_darkly, uniq_erolcha, uniq_urug
D:11:     orc_0_dummy
Lair:1:   basic_altar
Lair:2:   swamp_mist

Skill      XL: |  1  2  3  4  5  6  7  8  9 10 11 |
---------------+----------------------------------+-----
Armour         | 3 4 |  4.5
Long Blades    | 3 4 5 8 11 13 14 15 | 15.8
Invocations    | 1 2 4 5 6 |  6.7
Dodging        | 1 2 3 4 6 |  6.6
Spellcasting   | 2 4 5 |  5.0
Air Magic      | 2 4 5 |  5.1
Conjurations   | 2 3 |  3.0
Fighting       | |  3.7
Shields        | |  2.6

Action                   |  1- 3 |  4- 6 |  7- 9 | 10-12 || total
-------------------------+-------+-------+-------+-------++-------
Melee: Long sword        |   132 |    68 |       |       ||   200
       Great sword       |       |   116 |   287 |   225 ||   628
Invok: Slouch            |       |       |       |     2 ||     2
Evoke: Wand              |       |       |       |     5 ||     5
       Phial of floods   |       |       |       |     1 ||     1
  Use: Potion            |       |     5 |     2 |     5 ||    12
       Scroll            |       |    14 |     2 |     1 ||    17
 Stab: Paralysed         |       |       |     2 |       ||     2
       Distracted        |       |       |     1 |     1 ||     2
       Sleeping          |       |       |       |     1 ||     1
  Eat: Beef jerky        |       |     1 |       |       ||     1
       Chunk             |       |     2 |       |     2 ||     4
       Meat ration       |       |     1 |       |     1 ||     2
       Pizza             |       |     1 |       |       ||     1
       Royal jelly       |       |       |       |     1 ||     1
Armor: Scale mail        |    80 |    41 |       |       ||   121
       Leather armour    |       |    29 |    56 |    68 ||   153
       Plate armour      |       |       |    49 |       ||    49
Dodge: Dodged            |    39 |   104 |   175 |   151 ||   469
Block: Shield            |    68 |    29 |       |       ||    97
